 Dungeon Crawl Stone Soup version 0.31-a0-1068-g5939ac1fb6 (webtiles) character file.

Game seed: 2602937602167836885

296 Dirtsage the Trooper (level 6, 49/49 HPs)
             Began as a Demonspawn Artificer on Nov 23, 2023.
             Quit the game on level 4 of the Dungeon.
             The game lasted 00:08:51 (3483 turns).

Dirtsage the Trooper (Demonspawn Artificer)         Turns: 3483, Time: 00:08:52

Health: 49/49      AC: 13    Str: 14    XL:     6   Next: 12%
Magic:  4/7        EV: 10    Int: 13    God:
Gold:   183        SH:  4    Dex: 16    Spells: 5/7 levels left

rFire   . . .        H - +8 dagger of the Warrior-Mage {spect, Fly rElec Dex+3}
rCold   . . .        (no shield)
rNeg    . . .        q - +0 ring mail
rPois   .            D - +2 helmet "Zuced" {Drain Regen+ rCorr}
rElec   +            (no cloak)
rCorr   +            g - +0 pair of gloves
SInv    .            (no boots)
Will    .....        o - amulet of magic regeneration
Stlth   +            W - ring of wizardry
HPRegen 1.08/turn    (no ring)
MPRegen 0.50/turn

%: wizardry (x1)
@: flying, very slightly contaminated
A: hooves 1, icemail 1, spiny 1, condensation shield
a: no special abilities


You were on level 4 of the Dungeon.
You visited 1 branch of the dungeon, and saw 4 of its levels.

You collected 183 gold pieces.

Inventory:

Hand Weapons
 a - a +0 club
 r - a +3 vampiric dagger
 H - the +8 dagger of the Warrior-Mage (weapon) {spect, Fly rElec Dex+3}
   (You found it on level 4 of the Dungeon)

   Dex+3:     It affects your dexterity (+3).
   rElec:     It insulates you from electricity.
   Fly:       It grants you flight.
Missiles
 n - 6 curare-tipped darts
Armour
 b - a +0 leather armour
 g - a +0 pair of gloves (worn)
 q - a +0 ring mail (worn)
 t - a +0 helmet
 w - a scarf of invisibility
 D - the +2 helmet "Zuced" (worn) {Drain Regen+ rCorr}
   (You found it on level 4 of the Dungeon)

   Regen+:    It increases your rate of health regeneration.
   rCorr:     It protects you from acid and corrosion.
   Drain:     It drains your maximum health when unequipped.
 F - a +0 cloak
Jewellery
 o - an amulet of magic regeneration (around neck)
 C - an amulet of regeneration
 W - a ring of wizardry (left hand)
Wands
 c - a wand of flame (17) (quivered)
 d - a wand of charming (26)
 e - a wand of iceblast (5)
Scrolls
 f - 2 scrolls of teleportation {unknown}
 i - 2 scrolls of blinking {unknown}
 j - a scroll of butterflies {unknown}
 k - 3 scrolls of identify {unknown}
 m - 4 scrolls of enchant weapon {unknown}
 p - 2 scrolls of torment {unknown}
 s - 4 scrolls of fear {unknown}
 u - a scroll of amnesia {unknown}
 v - a scroll of noise {unknown}
 y - a scroll of fog {unknown}
 A - a scroll of brand weapon {unknown}
 E - 2 scrolls of revelation {unknown}
Potions
 h - 2 potions of magic {unknown}
 l - 4 potions of enlightenment {unknown}
 x - a potion of haste {unknown}
 z - 5 potions of curing {unknown}
 B - 2 potions of attraction {unknown}
 G - a potion of brilliance {unknown}


   Skills:
 + Level 4.7 Fighting
 - Level 1.7 Armour
 - Level 0.8 Dodging
 - Level 0.8 Stealth
 + Level 1.2 Spellcasting
 + Level 1.2 Ice Magic
 + Level 1.1 Air Magic
 * Level 2.2 Poison Magic
 - Level 3.0 Evocations


You had 5 spell levels left.
You knew the following spells:

 Your Spells              Type           Power      Damage    Failure   Level
a - Poisonous Vapours     Pois/Air       10%        N/A       16%         2

Your spell library contained the following spells:

 Spells                   Type           Power      Damage    Failure   Level
 Wereblood                Tmut           0%         N/A       32%         2
 Mephitic Cloud           Conj/Pois/Air  3%         N/A       38%         3
 Tukima's Dance           Hex            0%         N/A       52%         3
 Dimensional Bullseye     Hex/Tloc       0%         N/A       89%         4
 Iskenderun's Mystic Bla  Conj/Tloc      0%         2d3       89%         4
 Freezing Cloud           Conj/Ice/Air   1%         6-21      98%         5
 Irradiate                Conj/Tmut      0%         3d11      99%         5


Dungeon Overview and Level Annotations

Branches:
Dungeon (4/15)             Temple (0/1) D:4

Altars:
Fedhas
Trog


Innate Abilities, Weirdness & Mutations

You have large cloven feet.
A meltable icy envelope protects you from harm. (AC +4)
You are partially covered in sharp spines.
A meltable shield of frost defends you. (SH +4)


Message History

You now have 4/6 mp.
Casting: Poisonous Vapours (safe; 21% risk of failure)
Confirm with . or Enter, or press ? or * to list all spells.
Aiming: Poisonous Vapours (safe; 21% risk of failure)
Press: ? - help, Dir - move target, f/p - ogre
Aim: an ogre, wielding a +0 giant spiked club Poisonous vapours surround the ogre!
The ogre is poisoned.
You now have 3/6 mp.
Casting: Poisonous Vapours (safe; 21% risk of failure)
Confirm with . or Enter, or press ? or * to list all spells.
Aiming: Poisonous Vapours (safe; 21% risk of failure)
Press: ? - help, Dir - move target, f/p - ogre
Aim: an ogre, wielding a +0 giant spiked club (poisoned)
You miscast Poisonous Vapours.
Nothing appears to happen.
You now have 1/6 mp.
You see here a quokka corpse.
The ogre looks more healthy.
Casting: Poisonous Vapours (safe; 21% risk of failure)
Confirm with . or Enter, or press ? or * to list all spells.
Aiming: Poisonous Vapours (safe; 21% risk of failure)
Press: ? - help, Dir - move target, f/p - ogre
Aim: an ogre, wielding a +0 giant spiked club (lightly wounded) Poisonous vapours surround the ogre!
The ogre is poisoned.
You now have 3/6 mp.
You puncture the ogre!
The ogre is severely wounded.
Your +8 dagger of the Warrior-Mage {spect, Fly rElec Dex+3} hits the ogre but does no damage.
The ogre barely misses your +8 dagger of the Warrior-Mage {spect, Fly rElec Dex+3}.
You puncture the ogre!
The ogre is almost dead.
Your +8 dagger of the Warrior-Mage {spect, Fly rElec Dex+3} hits the ogre!
You kill the ogre!
Your Spellcasting skill increases to level 1!
Your Air Magic skill increases to level 1!
Your Poison Magic skill increases to level 2!
You have reached level 6!
Your demonic ancestry asserts itself...
Your feet thicken and deform.
Health restored: 49 Are you sure you want to abandon this character and quit the game? (Confirm with "yes".)

##########
##.........
##...######
####.....####
#@(.†.........
#.##.....####.
#.###...## #.#
##.## #.# #.#
#.####.# #.#
#.##(..# #.#
#.##.### #.#
#.##.# #.#


You could see a friendly +8 dagger of the Warrior-Mage {spect, Fly rElec Dex+3}.

Vanquished Creatures
  An ogre (D:4)
  A scorpion (D:4)
  Natasha (D:2)
  4 adders
  2 dart slugs (D:4)
  6 orcs (D:4)
  5 endoplasms
  3 giant cockroaches
  13 goblins
  4 hobgoblins
  4 jackals (D:2)
  6 kobolds
  6 quokkas
  8 ball pythons
  7 bats
  5 frilled lizards
  4 rats
80 creatures vanquished.

Notes
Turn   | Place    | Note
-------+----------+-------------------------------------------
     0 | D:1      | Dirtsage the Demonspawn Artificer began the quest for the
                  | Orb.
     0 | D:1      | Reached XP level 1. HP: 15/15 MP: 1/1
   182 | D:1      | Reached skill level 2 in Fighting
   252 | D:1      | Gained mutation: A meltable shield of frost defends you.
                  | (SH +4) [demonic ancestry]
   252 | D:1      | Reached XP level 2. HP: 22/22 MP: 2/2
  1066 | D:1      | Reached skill level 3 in Fighting
  1072 | D:1      | Gained mutation: A meltable icy envelope protects you from
                  | harm. (AC +4) [demonic ancestry]
  1072 | D:1      | Reached XP level 3. HP: 29/29 MP: 3/3
  1411 | D:2      | Reached XP level 4. HP: 37/37 MP: 4/4
  1476 | D:2      | Reached skill level 4 in Fighting
  1835 | D:2      | Found a faded altar of an unknown god.
  1903 | D:2      | Noticed Natasha
  1916 | D:2      | Killed Natasha
  2440 | D:3      | Learned a level 2 spell: Poisonous Vapours
  2648 | D:3      | Found a blossoming altar of Fedhas.
  2942 | D:4      | Found a bloodstained altar of Trog.
  2987 | D:4      | Found a staircase to the Ecumenical Temple.
  2989 | D:4      | Noticed a scorpion
  3001 | D:4      | Killed a scorpion
  3002 | D:4      | Reached skill level 1 in Poison Magic
  3002 | D:4      | Gained mutation: You are partially covered in sharp spines.
                  | [demonic ancestry]
  3002 | D:4      | Reached XP level 5. HP: 34/43 MP: 3/5
  3016 | D:4      | Identified the +2 helmet "Zuced" {Drain Regen+ rCorr}
  3254 | D:4      | Identified the +8 dagger of the Warrior-Mage {spect, Fly
                  | rElec Dex+3}
  3463 | D:4      | Reached skill level 1 in Ice Magic
  3469 | D:4      | Noticed an ogre
  3482 | D:4      | Killed an ogre
  3483 | D:4      | Reached skill level 1 in Spellcasting
  3483 | D:4      | Reached skill level 1 in Air Magic
  3483 | D:4      | Gained mutation: You have large cloven feet. [demonic
                  | ancestry]
  3483 | D:4      | Reached XP level 6. HP: 49/49 MP: 4/7
  3483 | D:4      | Quit the game

Illustrated notes

Levels and vault maps discovered:
D:1:      saegor_arrival_simple_a, layout_loops_corners
D:2:      layout_basic, shapermc_ecumenical_altar_totnotflames,
          nicolae_concentric_dashed_squares_mild, minmay_octomino_j4,
          uniq_natasha
D:3:      layout_basic, mainiacjoe_overflow_24_doors, bh_walls_and_bars
D:4:      layout_loops_ring, mainiacjoe_overflow_tiny_flanked, temple_fountains

Skill      XL: |  1  2  3  4  5 |
---------------+----------------+-----
Fighting       | 2 3 4 |  4.7
Poison Magic   | 1 2 |  2.2
Ice Magic      | 1 |  1.2
Spellcasting   | 1 |  1.2
Air Magic      | 1 |  1.1
Armour         | |  1.7
Dodging        | |  0.8
Stealth        | |  0.8
Evocations     | |  3.0

Action                     |  1- 3 |  4- 6 || total
---------------------------+-------+-------++-------
  Melee: Club              |   182 |       ||   182
         Dagger            |    30 |   120 ||   150
   Cast: Poisonous Vapours |       |     3 ||     3
   Stab: Sleeping          |     2 |       ||     2
 Armour: Leather armour    |    92 |       ||    92
         Ring mail         |    51 |    59 ||   110
  Dodge: Dodged            |   123 |    39 ||   162
  Block: Other             |    34 |    14 ||    48

Table legend: (Time is in decaauts)
 A = Elapsed time spent in this place.
 B = Non-inter-level travel time spent in this place.
 C = Inter-level travel time spent in this place.
 D = Time resting spent in this place.
 E = Time spent auto-exploring this place.
 F = Levels seen in this place.
 G = Mean time per level.
                   A        B        C        D        E       F      G
               +--------+--------+--------+--------+--------+-----+--------+
         Total |   3549 |   3451 |     98 |     46 |   2696 |   4 |  887.2 |
       Dungeon |   3549 |   3451 |     98 |     46 |   2696 |   4 |  887.2 |
               +--------+--------+--------+--------+--------+-----+--------+

Top non-repeatable levels by time:
     D:2: 1211 daAuts
     D:1: 1198 daAuts
     D:3: 598 daAuts
     D:4: 540 daAuts
